 Dungeon Crawl Stone Soup version 0.23-a0-451-g1044d4c (webtiles) character file.

104 nikopol the Magician (level 4, 0/24 HPs)
             Began as a Deep Elf Fire Elementalist on Nov 22, 2018.
             Was an Initiate of Vehumet.
             Killed from afar by an orc wizard (7 damage)
             ... with a magic dart
             ... on level 2 of the Dungeon.
             The game lasted 00:04:05 (1294 turns).

nikopol the Magician (Deep Elf Fire Elementalist)   Turns: 1294, Time: 00:04:06

Health: 0/24       AC:  3    Str:  5    XL:     4   Next: 52%
Magic:  0/12       EV: 13    Int: 21    God:    Vehumet [......]
Gold:   55         SH:  0    Dex: 15    Spells: 11/12 levels left

rFire    . . .     SeeInvis .   i - +0 dagger
rCold    . . .     Gourm    .   (no shield)
rNeg     . . .     Faith    .   a - +0 robe
rPois    .         Spirit   .   (no helmet)
rElec    .         Reflect  .   b - +0 cloak
rCorr    .         Harm     .   (no gloves)
MR       .....                  (no boots)
Stlth    ++........             (no amulet)
HPRegen  0.08/turn              (no ring)
MPRegen  0.13/turn              (no ring)

@: very slightly contaminated
A: no striking features
a: Renounce Religion


You were on level 2 of the Dungeon.
You worshipped Vehumet.
Vehumet was noncommittal.
You were not hungry.

You visited 1 branch of the dungeon, and saw 3 of its levels.

You collected 55 gold pieces.

Inventory:

Hand Weapons
 i - a +0 dagger (weapon)
Armour
 a - a +0 robe (worn)
 b - a +0 cloak (worn)
Scrolls
 d - 2 scrolls of remove curse {unknown}
 f - 5 scrolls of identify {unknown}
 h - a scroll of blinking {unknown}
 l - a scroll of enchant weapon {unknown}
Potions
 e - a potion of lignification {unknown}
 g - a potion of haste {unknown}
 j - a potion of degeneration {unknown}
 k - 3 potions of curing {unknown}
Comestibles
 c - 5 rations
 m - 4 chunks of flesh


   Skills:
 + Level 3.1 Dodging
 + Level 2.9 Stealth
 + Level 4.5 Spellcasting
 + Level 1.8 Conjurations
 + Level 4.2 Fire Magic


You had 11 spell levels left.
You knew the following spells:

 Your Spells              Type           Power        Failure   Level  Hunger
a - Flame Tongue          Conj/Fire      ###..        3%          1    None

Your spell library contained the following spells:

 Spells                   Type           Power        Failure   Level  Hunger
 Throw Flame              Conj/Fire      ###...       4%          2    #......
 Conjure Flame            Conj/Fire      ###.....     10%         3    ##.....
 Inner Flame              Hex/Fire       ##......     14%         3    ##.....
 Sticky Flame             Conj/Fire      ###.....     32%         4    ####...
 Fireball                 Conj/Fire      ###.......   65%         5    ######.


Dungeon Overview and Level Annotations

Branches:
Dungeon (3/15)

Altars:
Vehumet


Message History

Something hits you.
Casting: Flame Tongue (safe; 3% risk of failure)
Confirm with . or Enter, or press ? or * to list all spells.
Aiming: Flame Tongue (safe; 3% risk of failure)
Press: ? - help, Shift-Dir - straight line Something hits you.
* * * LOW HITPOINT WARNING * * *
Something hits you but does no damage.
You climb upwards.
Reactivating autopickup.
There is a stone staircase leading down here.
Casting: Flame Tongue (safe; 3% risk of failure)
Confirm with . or Enter, or press ? or * to list all spells.
Aiming: Flame Tongue (safe; 3% risk of failure)
Press: ? - help, Shift-Dir - straight line Something hits you but does no damage.
Deactivating autopickup; reactivate with Ctrl-A.
A magic dart appears from out of thin air!
The magic dart hits you!
You die...

#.###..####.................#.#.#
#..##...##..................#.#.#
##....#.##..................#.#.#
###..._....................#.#.#
#..#÷#...................#.#.#
##.#.##...÷..............#.#.#
#.#........>.......######.#.#
#...####.....†###....## #.#.# #
###..#####.###@...##....###.#.#
###..........###.....##....##÷#.#
##...........##.......##....#.#.#
.................##....##.....#.#
#.............##.###....##....#.#
#............###.####....###....#
#..##.....#### #....#.#......#.##
.......#.##########............#
.####.............###........###


There were no monsters in sight!

Vanquished Creatures
  An orc wizard (D:3)
  A gnoll (D:1)
  2 adders (D:2)
  An ooze (D:1)
  A worm (D:2)
  2 leopard geckos
  2 orcs (D:3)
  2 bats
  A giant cockroach (D:1)
  2 goblins (D:2)
  5 hobgoblins
  4 jackals (D:2)
  A ball python (D:1)
  5 frilled lizards
  5 kobolds
  4 rats
39 creatures vanquished.

Notes
Turn   | Place    | Note
-------+----------+-------------------------------------------
     0 | D:1      | nikopol the Deep Elf Fire Elementalist began the quest for
                  | the Orb.
     0 | D:1      | Reached XP level 1. HP: 10/10 MP: 6/6
   168 | D:1      | Reached XP level 2. HP: 13/15 MP: 0/8
   488 | D:1      | Reached XP level 3. HP: 19/19 MP: 6/10
   815 | D:2      | Found a radiant altar of Vehumet.
   824 | D:2      | Became a worshipper of Vehumet
  1186 | D:2      | Reached XP level 4. HP: 24/24 MP: 10/12
  1294 | D:2      | Killed from afar by an orc wizard

Vault maps used:
D:1:      saegor_arrival_simple_d
D:2:      lemuel_crystal_altar, nrook_mini_backslash

Skill      XL: |  1  2  3 |
---------------+----------+-----
Dodging        | 3 |  3.1
Fire Magic     | 4 |  4.2
Spellcasting   | 4 |  4.5
Stealth        | |  2.9
Conjurations   | |  1.8

Action                   |  1- 3 |  4- 6 || total
-------------------------+-------+-------++-------
 Cast: Flame Tongue      |    55 |    16 ||    71
  Eat: Chunk             |     1 |       ||     1
Armor: Robe              |     3 |     3 ||     6
Dodge: Dodged            |    11 |     1 ||    12

Table legend:
 A = Non-vault XP
 B = Vault XP
 C = Vault XP percentage of total XP
 D = Non-vault monster count
 E = Vault monster count
 F = Vault count percentage of total count
                 A         B        C        D         E       F
            +---------+---------+-------+---------+---------+-------
      Total |     149 |       0 |   0.0 |      39 |       0 |   0.0
            +---------+---------+-------+---------+---------+-------
        D:1 |      41 |       0 |   0.0 |      17 |       0 |   0.0
        D:2 |      59 |       0 |   0.0 |      18 |       0 |   0.0
        D:3 |      49 |       0 |   0.0 |       4 |       0 |   0.0
            +---------+---------+-------+---------+---------+-------
